 Dungeon Crawl Stone Soup version 0.16.1-51-g6203257 (webtiles) character file.

121 Miyamura the Sneak (level 5, -3/33 HPs)
             Began as an Octopode Wizard on July 9, 2015.
             Slain by a worker ant (8 damage)
             ... on level 2 of the Dungeon.
             The game lasted 00:19:19 (3391 turns).

Miyamura the Sneak (Octopode Wizard)                Turns: 3391, Time: 00:19:19

Health: -3/33      AC:  2    Str:  7    XL:     5   Next: 5%
Magic:  4/11       EV: 12    Int: 24    God:
Gold:   77         SH:  0    Dex: 10    Spells: 4 memorised, 4 levels left

rFire  . . .     SeeInvis .     e - +0 dagger (venom)
rCold  . . .     Clarity  .     (no shield)
rNeg   . . .     SustAb   +     b - +1 hat
rPois  .         Gourm    .     (no amulet)
rElec  .         Spirit   .     i - ring of sustain abilities
rCorr  .         Warding  .     g - +3 ring of intelligence
rMut   .         Stasis   .     (no ring)
MR     .....                    (no ring)
Stlth  ++++......               (no ring)
                                (no ring)
                                (no ring)
                                (no ring)

@: lethally poisoned (-3 -> -7), very slightly contaminated, not resistant to
hostile enchantments, stealthy
A: almost no armour, amphibious, 8 rings, constrict 8, camouflage 1, gelatinous
body 1
a: no special abilities


You were on level 2 of the Dungeon.
You were not hungry.

You visited 1 branch of the dungeon, and saw 3 of its levels.

You collected 77 gold pieces.

Inventory:

Hand weapons
 e - a +0 dagger of venom (weapon)
Missiles
 a - 23 stones (quivered)
Armour
 b - a +1 hat (worn)
Jewellery
 g - a +3 ring of intelligence (right tentacle)
 i - a ring of sustain abilities (left tentacle)
Scrolls
 h - 2 scrolls of amnesia
Potions
 f - a potion of poison {unknown}
Books
 c - a book of Minor Magic

   Spells                             Type                      Level
   a - Magic Dart                     Conjuration                  1
   b - Blink                          Translocation                2
   c - Call Imp                       Summoning                    2
   d - Repel Missiles                 Charms/Air                   2
   e - Slow                           Hexes                        2
   f - Conjure Flame                  Conjuration/Fire             3
   g - Mephitic Cloud                 Conjuration/Poison/Air       3
Comestibles
 d - 2 bread rations


   Skills:
 + Level 1.2 Fighting
 + Level 1.7 Short Blades
 + Level 2.4 Dodging
 + Level 4.2 Stealth
 + Level 3.5 Spellcasting
 + Level 1.9 Conjurations
 - Level 1.0 Summonings
 - Level 1.0 Translocations


You had 4 spell levels left.
You knew the following spells:

 Your Spells              Type           Power        Failure   Level  Hunger
a - Magic Dart            Conj           ##..         6%          1    None
b - Blink                 Tloc           N/A          12%         2    #......
c - Call Imp              Summ           #.......     12%         2    #......
s - Slow                  Hex            #.......     17%         2    #......


Dungeon Overview and Level Annotations

Branches:
Dungeon (3/15)

Altars:
Ashenzari
Cheibriados
Elyvilon
Fedhas


Innate Abilities, Weirdness & Mutations

You cannot wear most types of armour.
You are amphibious.
You can wear up to eight rings at the same time.
You can use your tentacles to constrict many enemies at once.
Your skin changes colour to match your surroundings (Stealth).
Your rubbery body absorbs attacks (AC +1).


Message History

Aim: a worker ant (almost dead)
The magic dart hits the worker ant.
The worker ant is almost dead.
Casting: Magic Dart
Confirm with . or Enter, or press ? or * to list all spells.
Aiming: Magic Dart
Press: ? - help, Shift-Dir - straight line, f/p - worker ant
Aim: a worker ant (almost dead)
The magic dart hits the worker ant.
The worker ant is almost dead.
* * * LOW HITPOINT WARNING * * *
You feel sick. The worker ant barely misses you.
Read which item? (? for menu, Esc to quit)
Okay, then.
Casting: Magic Dart
Confirm with . or Enter, or press ? or * to list all spells.
You miscast Blink.
You are very lightly contaminated with residual magic.
You spin around.
The worker ant bites you!
You die...

#...... ####### # ######
#...## ######## ###...##
#......######.......
##.####.#............
#...@...#.####.......
#..#a.....# ##......
##<.#.##.### #....##
#.....##(#######..####
#....>...#..........##
#..#####.#.#####..#.##
#..).....#.##.....#.##
###..###.....##.........
##....#
#............#.#.


You could see a worker ant.

Vanquished Creatures
  An adder (D:2)
  2 worms
  2 giant geckos (D:1)
  An orc (D:3)
  8 hobgoblins
  A quokka (D:2)
  5 bats
  2 giant cockroaches
  3 giant newts
  5 goblins
  7 jackals
  5 kobolds
  7 rats
49 creatures vanquished.

Vanquished Creatures (collateral kills)
  An orc wizard (D:3)
  4 adders (D:2)
  2 gnolls (D:3)
  2 orcs (D:3)
  A giant cockroach (D:2)
  A giant newt (D:3)
11 creatures vanquished.

Vanquished Creatures (others)
  2 crimson imps (D:3)
2 creatures vanquished.

Grand Total: 62 creatures vanquished

Notes
Turn   | Place    | Note
--------------------------------------------------------------
     0 | D:1      | Miyamura, the Octopode Wizard, began the quest for the Orb.
     0 | D:1      | Reached XP level 1. HP: 11/11 MP: 4/4
   295 | D:1      | Reached XP level 2. HP: 10/18 MP: 6/6
   299 | D:1      | Learned a level 2 spell: Blink
   302 | D:1      | Learned a level 2 spell: Call Imp
   305 | D:1      | Learned a level 2 spell: Slow
  1177 | D:1      | Reached XP level 3. HP: 22/22 MP: 8/8
  1783 | D:2      | Found a blossoming altar of Fedhas.
  1793 | D:2      | Reached skill level 1 in Short Blades
  2142 | D:2      | Reached XP level 4. HP: 27/27 MP: 4/9
  2379 | D:2      | Reached skill level 1 in Fighting
  2488 | D:2      | Found a snail-covered altar of Cheibriados.
  2839 | D:3      | Found a shattered altar of Ashenzari.
  2862 | D:3      | Reached skill level 4 in Stealth
  3032 | D:3      | Found a blossoming altar of Fedhas.
  3033 | D:3      | Found a white marble altar of Elyvilon.
  3048 | D:3      | Reached XP level 5. HP: 33/33 MP: 3/11
  3391 | D:2      | Slain by a worker ant

Action                   |  1- 3 |  4- 6 || total
-------------------------+-------+-------++-------
Melee: Dagger            |    82 |    42 ||   124
       Unarmed           |     2 |       ||     2
 Cast: Magic Dart        |     5 |     2 ||     7
       Call Imp          |     3 |    17 ||    20
       Blink             |     3 |     2 ||     5
  Use: Potion            |     3 |     2 ||     5
       Scroll            |     2 |     5 ||     7
 Stab: Sleeping          |     5 |     1 ||     6
  Eat: Chunk             |     3 |     5 ||     8
